 Dungeon Crawl Stone Soup version 0.26-a0-683-g5206c1d7ac (webtiles) character file.

Game seed: 1692431916501141595

14851 ringo67 the Grappler (level 11, -1/111 HPs)
             Began as a Troll Monk on Oct 23, 2020.
             Was a High Priest of Yredelemnul.
             Slain by a killer bee (12 damage)
             ... on level 1 of the Lair of Beasts.
             The game lasted 00:26:26 (10832 turns).

ringo67 the Grappler (Troll Monk)                  Turns: 10832, Time: 00:26:27

Health: -1/111     AC: 10    Str: 24    XL:     11   Next: 94%
Magic:  0/13       EV: 15    Int:  6    God:    Yredelemnul [*****.]
Gold:   658        SH:  0    Dex: 18    Spells: 10/10 levels left

rFire    . . .     SeeInvis .     - Unarmed
rCold    . . .     Faith    .   (no shield)
rNeg     . . .     Spirit   +   c - +0 steam dragon scales
rPois    +         Reflect  .   (helmet restricted)
rElec    .         Harm     .   o - +0 cloak
rCorr    .         Rampage  .   (gloves unavailable)
MR       .....                  (boots unavailable)
Stlth    ++........             D - amulet of guardian spirit
HPRegen  0.68/turn              m - +6 ring of dexterity
MPRegen  0.13/turn              E - ring of poison resistance

@: lethally poisoned (-1 -> -3)
A: large, unfitting armour, claws 3, regeneration 1, shaggy fur 1, tough skin 3
a: Recall Undead Slaves, Injury Mirror, Animate Dead, Drain Life, Enslave Soul,
Renounce Religion


You were on level 1 of the Lair of Beasts.
You worshipped Yredelemnul.
Yredelemnul was extremely pleased with you.
You visited 2 branches of the dungeon, and saw 12 of its levels.

You collected 711 gold pieces.
You spent 53 gold pieces at shops.

Inventory:

Missiles
 l - 60 poisoned darts (quivered)
 B - 13 boomerangs
 J - 7 curare-tipped darts
Armour
 c - +0 steam dragon scales (worn)
 o - a +0 cloak (worn)
Jewellery
 i - an uncursed ring of protection from fire
 j - an uncursed ring of ice
 k - a +6 ring of strength
 m - a +6 ring of dexterity (left claw)
 D - an amulet of guardian spirit (around neck)
 E - a ring of poison resistance (right claw)
 H - an uncursed ring of positive energy
Wands
 a - a wand of iceblast (9)
 n - a wand of digging (6)
 s - a wand of random effects (17)
 v - a wand of polymorph (11)
 C - a wand of paralysis (20)
 I - a wand of disintegration (7)
 M - a wand of acid (11)
Scrolls
 d - 3 scrolls of magic mapping
 e - 3 scrolls of teleportation
 f - 5 scrolls of amnesia
 g - 5 scrolls of enchant weapon
 r - 12 scrolls of identify
 w - 2 scrolls of blinking
 x - 3 scrolls of fog
 y - a scroll of acquirement {unknown}
 A - a scroll of holy word {unknown}
 G - a scroll of remove curse
 K - a scroll of fear {unknown}
Potions
 b - a potion of magic {unknown}
 h - 2 potions of cancellation {unknown}
 p - 3 potions of ambrosia {unknown}
 q - a potion of haste {unknown}
 t - 3 potions of curing
 u - 2 potions of heal wounds
 z - 4 potions of lignification
 F - a potion of stabbing {unknown}
 L - 2 potions of brilliance {unknown}


   Skills:
 + Level 8.0 Fighting
 + Level 5.1 Throwing
 + Level 8.0 Dodging
 - Level 1.0 Stealth
 * Level 12.7 Unarmed Combat
 - Level 4.6 Invocations


You had 10 spell levels left.
You didn't know any spells.
Your spell library contained the following spells:

 Spells                   Type           Power        Failure   Level
 Animate Skeleton         Necr           #.....       45%         1
 Corona                   Hex            #......      45%         1
 Magic Dart               Conj           #...         45%         1
 Pain                     Necr           #...         45%         1
 Summon Small Mammal      Summ           #...         45%         1
 Blink                    Tloc           N/A          58%         2
 Call Imp                 Summ           #.......     58%         2
 Ensorcelled Hibernation  Hex/Ice        #.....       58%         2
 Slow                     Hex            #.......     58%         2
 Call Canine Familiar     Summ           #.......     83%         3
 Confusing Touch          Hex            #.......     83%         3
 Conjure Flame            Conj/Fire      #.......     83%         3
 Dazzling Flash           Conj/Hex       #.....       83%         3
 Gell's Gravitas          Tloc           #.........   83%         3
 Lesser Beckoning         Tloc           #.........   83%         3
 Mephitic Cloud           Conj/Pois/Air  #.......     83%         3
 Summon Guardian Golem    Hex/Summ       #.......     83%         3
 Teleport Other           Tloc           #.......     83%         3
 Tukima's Dance           Hex            #.......     83%         3
 Vampiric Draining        Necr           #.........   83%         3
 Animate Dead             Necr           #.........   99%         4
 Passage of Golubria      Tloc           N/A          99%         4
 Petrify                  Tmut/Erth      #.......     99%         4
 Summon Ice Beast         Ice/Summ       #.......     99%         4
 Summon Lightning Spire   Summ/Air       #.......     99%         4
 Agony                    Necr           #.......     100%        5
 Bolt of Magma            Conj/Fire/Erth #.........   100%        5
 Iskenderun's Battlesphe  Conj           #.......     100%        5
 Metabolic Englaciation   Hex/Ice        #.........   100%        5
 Yara's Violent Unravell  Hex/Tmut       #.........   100%        5
 Iron Shot                Conj/Erth      #.........   100%        6
 Orb of Destruction       Conj           #.........   100%        7
 Spellforged Servitor     Conj/Summ      #.........   100%        7


Dungeon Overview and Level Annotations

Branches:
Dungeon (10/15)            Temple (0/1) D:5            Lair (2/6) D:8
  Swamp: Lair:2-4    Shoals: Lair:2-4     Snake: Lair:2-4    Spider: Lair:2-4
    Orc: D:9-12

Altars:
Cheibriados
Dithmenos
Fedhas
Hepliaklqana
Kikubaaqudgha
Makhleb
Okawaru
Qazlal
Ru
Sif Muna
Trog
Wu Jian
Yredelemnul
The Shining One

Shops:
D:6 *}


Innate Abilities, Weirdness & Mutations

You are too large for most types of armour.
You have claws for hands.
Your natural rate of healing is unusually fast.
You are covered in fur. (AC +1)
You have extremely tough skin. (AC +3)


Message History

There is a stone staircase leading up, spattered with blood here.
You see here a yak corpse.
You feel sick. The killer bee barely misses you. The killer bee stings you!
* * * LOW HITPOINT WARNING * * *
The killer bee closely misses you.
You hear an angry buzzing noise.
You climb upwards.
There is a stone staircase leading down here.
You closely miss the killer bee.
You feel sick.
The killer bee stings you but does no damage.
The killer bee misses you.
You miss the killer bee. The killer bee stings you.
* * * LOW HITPOINT WARNING * * *
You are more poisoned.
The killer bee poisons you! The killer bee barely misses you.
You closely miss the killer bee.
You feel sick. The killer bee stings you!
* * * LOW HITPOINT WARNING * * *
The killer bee misses you. The killer bee stings you!
You die...
Your body rises from the dead as a mindless zombie.

##..## ### ##..## # ### #####
#..#.#####.####....#
..###...###..###.......###..##
...#P....#..## #......<......#
...#P.......# ##......#....##
............### #.#.######..#
..#P..........###.### #..#
.####............#.#######..#
.####...........@....##P##..#
.#.#........#...y..........##
.#..........##!##.......?..#
.....#.....#####...........##
.....##+#.## ##.........###.##
...[.....## #.....###....#..#
..z#..M⌠.## #....##....⌠.#..#
..##P#....####..#..........#.###
[######..W.##.###.....##.#.....#


You could see a killer bee (berserk).

Vanquished Creatures
  Snorg (D:10)
  A two-headed ogre (D:10)
  Pikel (D:6)
  The ghost of Demosthentine the Shield-Bearer, a novice FoFi of Cheibriados (D:6)
  A gargoyle (D:10)
  2 cane toads (Lair:1)
  Maggie (D:6)
  2 komodo dragons (Lair:1)
  Grinder (D:5)
  A vampire (D:10)
  A wraith (D:10)
  Eustachio (D:4)
  10 yaks
  3 vampire mosquitoes (D:8)
  2 water moccasins
  6 ice beasts
  3 orc warriors
  5 sky beasts
  A black bear (D:10)
  A phantom (D:4)
  4 wolves (Lair:1)
  3 ogres
  3 centaurs
  A lemure (D:6)
  A big kobold (D:4)
  4 bullfrogs
  A gnoll sergeant (D:6)
  7 scorpions
  23 killer bees
  3 wights (D:8)
  A centaur zombie (D:9)
  4 quasits
  A bullfrog zombie (D:5)
  4 hounds
  6 jellies
  4 centaur skeletons
  12 orc priests
  Crazy Yiuf (D:2)
  A bullfrog skeleton (D:5)
  Terence (D:3)
  An iguana (D:9)
  16 orc wizards
  5 worker ants
  A hound zombie (D:6)
  2 hound skeletons
  12 gnolls
  A howler monkey skeleton (D:4)
  5 adders
  3 shadow imps
  3 white imps
  An ufetubus (D:7)
  An ooze (D:5)
  3 adder skeletons
  2 worms (D:5)
  2 dart slugs
  3 leopard geckos
  31 orcs
  7 bats
  7 giant cockroaches
  8 goblins
  9 hobgoblins
  9 jackals
  16 kobolds
  5 quokkas
  3 ball pythons
  4 frilled lizards
  A giant cockroach zombie (D:5)
  A leopard gecko zombie (D:6)
  9 rats
301 creatures vanquished.

Vanquished Creatures (collateral kills)
  A cane toad (Lair:1)
  A komodo dragon (Lair:1)
  A polar bear (Lair:1)
  11 yaks
  A wyvern (Lair:1)
  A water moccasin (Lair:1)
  A sky beast (D:10)
  2 wolves (Lair:1)
  8 killer bees (Lair:2)
  An orc (D:10)
28 creatures vanquished.

Vanquished Creatures (others)
  2 flying skulls (Lair:2)
  2 wraiths (Lair:2)
  A wight (D:10)
  A mummy (Lair:2)
  An orc zombie (D:10)
  A sky beast zombie (D:10)
  4 fungi
  21 plants
33 creatures vanquished.

Grand Total: 362 creatures vanquished

Notes
Turn   | Place    | Note
-------+----------+-------------------------------------------
     0 | D:1      | ringo67 the Troll Monk began the quest for the Orb.
     0 | D:1      | Reached XP level 1. HP: 22/22 MP: 0/0
    47 | D:1      | Reached XP level 2. HP: 24/29 MP: 1/1
   353 | D:1      | Reached XP level 3. HP: 24/36 MP: 2/2
   893 | D:2      | Reached skill level 4 in Unarmed Combat
  1002 | D:2      | Reached XP level 4. HP: 44/44 MP: 3/3
  1164 | D:2      | Found a runed translucent door.
  1165 | D:2      | Noticed Crazy Yiuf
  1201 | D:2      | Found a burning altar of Makhleb.
  1201 | D:2      | Noticed a balrug
  1467 | D:2      | Killed Crazy Yiuf
  1467 | D:2      | Reached XP level 5. HP: 45/53 MP: 4/4
  1589 | D:3      | Noticed Terence
  1606 | D:3      | Killed Terence
  1933 | D:3      | Found an iron altar of Okawaru.
  1940 | D:3      | Found a shadowy altar of Dithmenos.
  1943 | D:3      | Found a blossoming altar of Fedhas.
  1944 | D:3      | Found a sacrificial altar of Ru.
  2246 | D:4      | Noticed an ogre
  2270 | D:4      | Noticed a phantom
  2272 | D:4      | Found an ancient bone altar of Kikubaaqudgha.
  2290 | D:4      | Killed a phantom
  2290 | D:4      | Reached skill level 5 in Unarmed Combat
  2290 | D:4      | Reached XP level 6. HP: 54/61 MP: 5/5
  2554 | D:4      | Reached skill level 6 in Unarmed Combat
  2558 | D:4      | Reached XP level 7. HP: 33/68 MP: 6/6
  3093 | D:4      | Found a basalt altar of Yredelemnul.
  3103 | D:4      | Became a worshipper of Yredelemnul the Dark
  3103 | D:4      | Reached * piety under Yredelemnul
  3103 | D:4      | Reached ** piety under Yredelemnul
  3336 | D:5      | Entered Level 5 of the Dungeon
  3336 | D:5      | Noticed Eustachio
  3356 | D:4      | Killed Eustachio
  3368 | D:5      | Reached skill level 7 in Unarmed Combat
  3368 | D:5      | Reached skill level 1 in Invocations
  3641 | D:5      | Reached XP level 8. HP: 51/79 MP: 6/8
  3695 | D:5      | Found a shimmering blue altar of Sif Muna.
  3761 | D:5      | Found a hazy altar of Hepliaklqana.
  3904 | D:5      | Noticed Grinder
  3921 | D:5      | Found an iron altar of Okawaru.
  3931 | D:5      | Paralysed by Grinder for 2 turns
  3936 | D:5      | Reached skill level 8 in Unarmed Combat
  3941 | D:5      | Killed Grinder
  3941 | D:5      | Reached skill level 5 in Fighting
  3941 | D:5      | Reached skill level 5 in Dodging
  4090 | D:5      | Found an ornate altar of the Wu Jian Council.
  4282 | D:5      | Found a staircase to the Ecumenical Temple.
  4319 | D:6      | Reached XP level 9. HP: 45/88 MP: 10/10
  4624 | D:6      | Found a snail-covered altar of Cheibriados.
  4656 | D:6      | Got a jewelled cloak
  4667 | D:6      | Identified the cursed -1 cloak of Ashenzari's Favour {+Fly}
                  | (You found it on level 6 of the Dungeon)
  4684 | D:6      | Noticed Maggie
  4698 | D:6      | Killed Maggie
  4756 | D:6      | Reached skill level 9 in Unarmed Combat
  4862 | D:6      | Found a transporter.
  4863 | D:6      | Noticed Pikel
  4883 | D:6      | Killed Pikel
  4883 | D:6      | Reached *** piety under Yredelemnul
  4895 | D:6      | Found Ogissouf's Gadget Boutique.
  4903 | D:6      | Found a transporter.
  4919 | D:6      | Noticed Demosthentine's ghost (novice FoFi)
  4975 | D:6      | Killed Demosthentine's ghost
  5015 | D:6      | Found a glowing golden altar of the Shining One.
  5167 | D:6      | Reached skill level 10 in Unarmed Combat
  5490 | D:6      | Found Valaxuura's Assorted Antiques.
  5497 | D:6      | Bought a murky dark potion for 25 gold pieces
  5497 | D:6      | Bought a scroll labeled SAUS YRRYM for 28 gold pieces
  5651 | D:7      | Reached XP level 10. HP: 96/98 MP: 12/12
  5727 | D:7      | Noticed an orc sorcerer
  5888 | D:7      | Reached **** piety under Yredelemnul
  5949 | D:7      | Found a stormy altar of Qazlal.
  6029 | D:7      | Received a gift from Yredelemnul (a wight)
  6306 | D:7      | Found a bloodstained altar of Trog.
  6307 | D:7      | You fall into a shaft and drop 3 floors!
  6307 | D:10     | Entered Level 10 of the Dungeon
  6319 | D:10     | Noticed a two-headed ogre
  6329 | D:10     | Killed a two-headed ogre
  6329 | D:10     | Reached skill level 1 in Throwing
  6332 | D:10     | Noticed a gargoyle
  6372 | D:10     | Killed a gargoyle
  6673 | D:10     | Noticed Snorg
  6695 | D:10     | Killed Snorg
  6695 | D:10     | Reached skill level 11 in Unarmed Combat
  8008 | D:9      | Reached XP level 11. HP: 89/109 MP: 11/13
  8355 | D:8      | Received a gift from Yredelemnul (a mummy)
  9073 | D:8      | Received a gift from Yredelemnul (a wraith)
  9119 | D:8      | Found a staircase to the Lair.
  9456 | Lair:1   | Entered Level 1 of the Lair of Beasts
  9851 | Lair:1   | Reached skill level 12 in Unarmed Combat
  9963 | Lair:1   | Received a gift from Yredelemnul (2 flying skulls)
 10160 | Lair:1   | Reached ***** piety under Yredelemnul
 10692 | Lair:2   | Received a gift from Yredelemnul (a wraith)
 10702 | Lair:2   | Reached skill level 5 in Throwing
 10832 | Lair:1   | Slain by a killer bee

Illustrated notes

Levels and vault maps discovered:
D:1:      tarquinn_simple_flora_water_a, layout_loops_ring
D:2:      layout_basic, minmay_misc_feat_five, makhleb_altar_promises_db,
          uniq_crazy_yiuf_cottage
D:3:      layout_basic, minitemple, kennysheep_generic_room_8, uniq_terence
D:4:      cheibrodos_thug_alley, layout_basic, lemuel_coloured_pillars_altar,
          nicolae_overflow_hidden_temple, minmay_a_box_with_orc_wizards_in_it
D:5:      layout_basic, lemuel_doored_altar, kennysheep_mini,
          lemuel_crystal_altar, minmay_temple_entry_trees,
          minmay_misc_feat_encased, minmay_ruined_shrine, uniq_eustachio,
          uniq_grinder
D:6:      layout_basic, lemuel_crystal_altar, old_standard_altar,
          gammafunk_ghost_stat_death, serial_shops, nicolae_shop_stone, shop,
          uniq_maggie, uniq_pikel
D:7:      cheibrodos_wizards_tower, layout_basic, grunt_qazlal_clouds,
          basic_altar
D:8:      layout_basic, lair_entry_dummy
D:9:      layout_long_grid
D:10:     layout_loops_corners, uniq_snorg
Lair:1:   layout_cave_pods, grunt_megastairs_4, serial_bayou_shore_a
Lair:2:   layout_roguey [special_room_bee], spider_nest_entry_a, serial_forest,
          infiniplex_forest_lined_room_3, infiniplex_forest_clump_medium,
          infiniplex_forest_lined_2, infiniplex_forest_lined_1,
          infiniplex_forest_end_2, infiniplex_forest_zigzag_1

Skill      XL: |  1  2  3  4  5  6  7  8  9 10 11 |
---------------+----------------------------------+-----
Unarmed Combat | 4 5 6 7 8 10 11 12 | 12.7
Fighting       | 3 4 5 6 7 8 |  8.0
Dodging        | 3 4 5 6 7 8 |  8.0
Invocations    | 1 3 4 |  4.6
Throwing       | 3 5 |  5.1
Stealth        | |  1.0

Action                   |  1- 3 |  4- 6 |  7- 9 | 10-12 || total
-------------------------+-------+-------+-------+-------++-------
Melee: Unarmed           |   110 |   105 |   258 |   375 ||   848
       Punch             |     2 |       |    14 |    24 ||    40
Throw: Dart              |       |       |     4 |     4 ||     8
Invok: Animate Dead      |       |       |       |     3 ||     3
       Recall Undead Sla |       |       |       |     4 ||     4
  Use: Scroll            |       |       |    13 |     3 ||    16
       Potion            |       |       |       |     1 ||     1
 Stab: Sleeping          |     4 |     3 |     1 |     6 ||    14
       Distracted        |       |       |     1 |     2 ||     3
Armor: Robe              |    36 |    36 |    51 |       ||   123
       Steam dragon scal |       |       |    65 |    98 ||   163
Dodge: Dodged            |    46 |    43 |   163 |   292 ||   544

Table legend: (Time is in decaauts)
 A = Elapsed time spent in this place.
 B = Non-inter-level travel time spent in this place.
 C = Inter-level travel time spent in this place.
 D = Time resting spent in this place.
 E = Time spent auto-exploring this place.
 F = Levels seen in this place.
 G = Mean time per level.
                   A        B        C        D        E       F      G
               +--------+--------+--------+--------+--------+-----+--------+
         Total |  10712 |  10455 |    257 |   1113 |   7327 |  12 |  892.7 |
       Dungeon |   9348 |   9107 |    241 |   1074 |   6219 |  10 |  934.8 |
          Lair |   1364 |   1348 |     16 |     39 |   1108 |   2 |  682.0 |
               +--------+--------+--------+--------+--------+-----+--------+

Top non-repeatable levels by time:
     D:6: 1298 daAuts
  Lair:1: 1233 daAuts
    D:10: 1127 daAuts
     D:4: 1111 daAuts
     D:5: 942 daAuts
     D:8: 929 daAuts
     D:9: 882 daAuts
     D:7: 826 daAuts
     D:2: 788 daAuts
     D:3: 736 daAuts
     D:1: 705 daAuts
  Lair:2: 130 daAuts
